 Dungeon Crawl Stone Soup version 0.31-a0-986-g5e6e4ef867 (webtiles) character file.

Game seed: 7281548573282819139

627 IdlyInterested the Trooper (level 7, -1/58 HPs)
             Began as a Demonspawn Gladiator on Nov 14, 2023.
             Slain by a troll (5 damage)
             ... on level 5 of the Dungeon.
             The game lasted 00:10:15 (3336 turns).

IdlyInterested the Trooper (Demonspawn Gladiator)   Turns: 3336, Time: 00:10:16

Health: -1/58      AC: 13    Str: 16    XL:     7   Next: 23%
Magic:  7/7        EV: 11    Int:  9    God:
Gold:   155        SH:  0    Dex: 15    Spells: 6/6 levels left

rFire   + . .        h - +1 whip (venom)
rCold   . . .        (no shield)
rNeg    . . .        o - +1 ring mail {rF+}
rPois   .            b - +0 helmet
rElec   .            (no cloak)
rCorr   .            (no gloves)
SInv    .            (no boots)
Will    .....        (no amulet)
Stlth   +            x - ring of flight
HPRegen 0.29/turn    (no ring)
MPRegen 0.20/turn

%: no passive effects
@: sanguine armoured, flying
A: spiny 2, magic regeneration, sanguine armour 1, demonic touch 1
a: no special abilities


You were on level 5 of the Dungeon.
You visited 2 branches of the dungeon, and saw 6 of its levels.

You collected 155 gold pieces.

Inventory:

Hand Weapons
 f - a +0 short sword
 h - a +1 whip of venom (weapon)
 t - a +1 short sword of protection
 w - a +0 scimitar
 F - a +0 trident of protection
Missiles
 c - 3 throwing nets
 d - a javelin
 g - 15 stones (quivered)
 j - 9 boomerangs
 k - 10 poisoned darts
Armour
 b - a +0 helmet (worn)
 o - a +1 ring mail of fire resistance (worn)
 r - the +1 ring mail of Resilience {-Tele *Corrode rPois Will++}
   (You found it on level 3 of the Dungeon)

   rPois:     It protects you from poison Will++: It greatly increases your
   willpower.
   -Tele:     It prevents most forms of teleportation.
   *Corrode:  It may corrode you when you take damage.
 s - a +3 leather armour
 v - a +0 plate armour
Jewellery
 x - a ring of flight (left hand)
Wands
 a - a wand of quicksilver (7)
 A - a wand of digging (3)
 B - a wand of roots (10)
Scrolls
 e - a scroll of amnesia
 i - a scroll of identify
 n - 2 scrolls of teleportation
 p - a scroll of summoning
 y - a scroll of acquirement
 C - a scroll of blinking {unknown}
 D - a scroll of fog {unknown}
Potions
 l - a potion of might {unknown}
 m - a potion of brilliance {unknown}
 q - a potion of degeneration {unknown}
 u - a potion of resistance {unknown}
 z - a potion of cancellation {unknown}
 E - a potion of berserk rage {unknown}


   Skills:
 - Level 6.0 Fighting
 - Level 2.0 Throwing
 - Level 1.0 Armour
 - Level 3.0 Dodging
 - Level 1.0 Stealth
 + Level 4.9 Unarmed Combat
 - Level 1.0 Evocations


You had 6 spell levels left.
You didn't know any spells.
Your spell library contained the following spells:

 Spells                   Type           Power      Damage    Failure   Level
 Magic Dart               Conj           0%         1d3       61%         1
 Cigotuvi's Dreadful Rot  Necr/Pois/Air  0%         N/A       75%         2
 Ensorcelled Hibernation  Hex/Ice        0%         N/A       75%         2
 Passwall                 Tmut/Erth      0%         N/A       75%         2
 Searing Ray              Conj           0%         2d4       75%         2
 Call Canine Familiar     Summ           0%         N/A       93%         3
 Sigil of Binding         Hex            0%         N/A       93%         3
 Swiftness                Air            0%         N/A       93%         3
 Dimensional Bullseye     Hex/Tloc       0%         N/A       100%        4
 Dispel Undead            Necr           0%         3d6       100%        4
 Fulminant Prism          Conj/Hex       0%         3d5       100%        4
 Leda's Liquefaction      Hex/Erth       0%         N/A       100%        4
 Death Channel            Necr           0%         N/A       100%        6


Dungeon Overview and Level Annotations

Branches:
Dungeon (5/15)             Temple (1/1) D:5

Altars:
Ashenzari
Dithmenos
Fedhas
Gozag
Hepliaklqana
Kikubaaqudgha
Makhleb
Nemelex Xobeh
Okawaru
Qazlal
Ru
Sif Muna
Trog
Vehumet
Wu Jian
Yredelemnul


Innate Abilities, Weirdness & Mutations

You are mostly covered in sharp spines.
You regenerate magic rapidly.
When seriously injured, your blood forms armour. (AC +6)
Your touch may inflict minor irresistible damage on your foes.


Message History

There is an open door here.
An adder comes into view.
The adder hisses angrily.
You hear an angry hiss.
A troll comes into view.
The troll shouts!
You hear a shout!
The adder barely misses you.
You closely miss the adder. The adder is struck by your spines.
The adder barely misses you.
You hit the adder.
The adder is poisoned.
Your touch misses the adder.
The adder is severely wounded.
The adder barely misses you.
You hit the troll but do no damage.
The troll is poisoned.
You kill the adder!
The troll bites you! The troll barely misses you.
The troll claws you but does no damage.
You hit the troll.
The troll looks as sick as possible!
You punch the troll.
The troll is moderately wounded.
The troll bites you!
Your blood congeals into armour.
The troll barely misses you. x2
You hear a shout!
You barely miss the troll.
The troll is moderately wounded.
The troll closely misses you. The troll claws you.
The troll closely misses you.
A gnoll comes into view. It is wielding a +0 halberd.
You hit the troll.
The troll looks as sick as possible!
The troll is moderately wounded.
The troll bites you. The troll claws you.
The troll claws you but does no damage. The gnoll barely misses you.
You hit the troll.
The troll is heavily wounded.
The troll bites you! The troll claws you.
* * * LOW HITPOINT WARNING * * *
The troll claws you but does no damage. The gnoll closely misses you.
You barely miss the troll.
You touch the troll.
The troll is heavily wounded.
The troll bites you!
* * * LOW HITPOINT WARNING * * *
The troll claws you.
You die...

#.##..#### #........###
...##......######################
...####...........<..............
......#..##.#####################
....#.####...'..#
.........#..###.##
..#...#.####..#..# #.#.#.#.#
#..###@# #...#...# ###..#.T#
######### .###.g. ## #. ..## .##
.# ### ..### #. ....# .# ....# #.
....###


You could see a troll (extremely poisoned) and a gnoll.

Vanquished Creatures
  Sigmund (D:2)
  An ogre (D:5)
  Blork the orc (D:4)
  A scorpion (D:4)
  A hound (D:5)
  Jessica (D:3)
  7 adders
  A white imp (D:4)
  2 ufetubi (D:4)
  2 worms
  3 dart slugs
  2 orcs (D:5)
  9 endoplasms
  2 giant cockroaches
  11 goblins
  7 hobgoblins
  7 jackals (D:2)
  12 kobolds
  4 quokkas
  6 ball pythons
  6 bats
  5 frilled lizards
  6 rats
98 creatures vanquished.

Notes
Turn   | Place    | Note
-------+----------+-------------------------------------------
     0 | D:1      | IdlyInterested the Demonspawn Gladiator began the quest for
                  | the Orb.
     0 | D:1      | Reached XP level 1. HP: 16/16 MP: 1/1
   228 | D:1      | Reached skill level 1 in Armour
   233 | D:1      | Gained mutation: You are partially covered in sharp spines.
                  | [demonic ancestry]
   233 | D:1      | Reached XP level 2. HP: 17/23 MP: 2/2
   446 | D:1      | Reached skill level 1 in Stealth
   639 | D:1      | Gained mutation: Your touch may inflict minor irresistible
                  | damage on your foes. [demonic ancestry]
   639 | D:1      | Reached XP level 3. HP: 28/28 MP: 3/3
   682 | D:1      | Reached skill level 1 in Evocations
   703 | D:1      | Reached skill level 3 in Fighting
  1077 | D:2      | Gained mutation: When seriously injured, your blood forms
                  | armour. (AC +6) [demonic ancestry]
  1077 | D:2      | Reached XP level 4. HP: 34/37 MP: 4/4
  1116 | D:2      | Noticed Sigmund
  1127 | D:2      | Killed Sigmund
  1128 | D:2      | Reached skill level 5 in Fighting
  1128 | D:2      | Gained mutation: You regenerate magic rapidly. [demonic
                  | ancestry]
  1128 | D:2      | Reached XP level 5. HP: 42/46 MP: 5/5
  1569 | D:3      | Identified the +1 ring mail of Resilience {-Tele *Corrode
                  | rPois Will++}
  1638 | D:3      | Gained mutation: You are mostly covered in sharp spines.
                  | [demonic ancestry]
  1638 | D:3      | Reached XP level 6. HP: 52/52 MP: 6/6
  1664 | D:3      | Found a faded altar of an unknown god.
  1971 | D:3      | Noticed Jessica
  1977 | D:3      | Killed Jessica
  1978 | D:3      | Reached skill level 6 in Fighting
  1996 | D:3      | Found a shimmering blue altar of Sif Muna.
  2238 | D:4      | Found an ancient bone altar of Kikubaaqudgha.
  2349 | D:4      | Noticed Blork the orc
  2356 | D:4      | Killed Blork the orc
  2928 | D:5      | Entered Level 5 of the Dungeon
  2957 | D:5      | Identified a scroll of acquirement
  3014 | D:5      | Reached XP level 7. HP: 25/58 MP: 7/7
  3139 | D:5      | Found a staircase to the Ecumenical Temple.
  3172 | Temple   | Entered the Ecumenical Temple
  3327 | D:5      | Noticed a troll
  3336 | D:5      | Slain by a troll

Illustrated notes

Levels and vault maps discovered:
D:1:      lightli_arrival_windingriver, layout_loops_ring, minmay_pentomino_z4
D:2:      layout_rooms, grunt_ministairs_3, uniq_sigmund
D:3:      layout_basic, overflow_temple_1_default,
          ebering_ecumenical_altar_sacrificial, uniq_jessica
D:4:      layout_loops_ring, nicolae_kikubaaqudgha_miasma_corner,
          uniq_blork_the_orc
D:5:      minmay_razor_zed, layout_basic, minmay_temple_entry_glass
Temple:   regret_index_temple_generic_petals

Skill      XL: |  1  2  3  4  5  6 |
---------------+-------------------+-----
Armour         | 1 |  1.0
Stealth        | 1 |  1.0
Evocations     | 1 |  1.0
Fighting       | 3 5 6 |  6.0
Dodging        | 3 |  3.0
Throwing       | 2 |  2.0
Unarmed Combat | 4 |  4.9

Action                     |  1- 3 |  4- 6 |  7- 9 || total
---------------------------+-------+-------+-------++-------
  Melee: Unarmed           |    19 |       |       ||    19
         Whip              |    71 |    82 |    12 ||   165
         Touch             |     5 |    17 |     4 ||    26
         Punch             |       |     1 |     1 ||     2
  Throw: Stone             |     9 |    29 |       ||    38
    Use: Scroll            |       |     4 |       ||     4
 Armour: Leather armour    |    41 |     8 |       ||    49
         Ring mail         |       |    30 |    15 ||    45
  Dodge: Dodged            |    42 |    34 |    14 ||    90

Table legend: (Time is in decaauts)
 A = Elapsed time spent in this place.
 B = Non-inter-level travel time spent in this place.
 C = Inter-level travel time spent in this place.
 D = Time resting spent in this place.
 E = Time spent auto-exploring this place.
 F = Levels seen in this place.
 G = Mean time per level.
                   A        B        C        D        E       F      G
               +--------+--------+--------+--------+--------+-----+--------+
         Total |   3353 |   3086 |    267 |    359 |   1906 |   6 |  558.8 |
       Dungeon |   3351 |   3084 |    267 |    359 |   1906 |   5 |  670.2 |
        Temple |      1 |      1 |      0 |      0 |      0 |   1 |    1.0 |
               +--------+--------+--------+--------+--------+-----+--------+

Top non-repeatable levels by time:
     D:1: 1024 daAuts
     D:4: 704 daAuts
     D:3: 679 daAuts
     D:2: 536 daAuts
     D:5: 407 daAuts
  Temple: 1 daAuts
